 Dungeon Crawl Stone Soup version 0.30-a0-394-g3e4acdb0ae (webtiles) character file.

Game seed: 5520607277746381025

5553 rocky1 the Basher (level 10, -1/81 HPs)
             Began as a Minotaur Fighter on Dec 6, 2022.
             Was a Priest of Ashenzari.
             Slain by an acid dragon (12 damage)
             ... on level 9 of the Dungeon.
             The game lasted 00:19:05 (9437 turns).

rocky1 the Basher (Minotaur Fighter)                Turns: 9437, Time: 00:19:06

Health: -1/81      AC:  6    Str: 24    XL:     10   Next: 44%
Magic:  9/9        EV: 13    Int:  5    God:    Ashenzari [***...]
Gold:   535        SH:  7    Dex: 11    Spells: 9/9 levels left

rFire   . . .      SeeInvis +    t - +4 whip
rCold   . . .      Faith    .    c - +0 buckler "Urgency of Ashenzari" {Fort, Range} (curse)
rNeg    . . .      Spirit   .    b - +0 scale mail "Eternal Prison" {Alch, Bglg} (curse)
rPois   .          Reflect  .    (helmet restricted)
rElec   .          Harm     .    (no cloak)
rCorr   .          Rampage  .    K - +0 pair of gloves "Shackled Together" {Cun, Melee} (curse)
Will    .....      Clarity  +    L - +0 pair of boots "Cryptic Regret" {Bglg, Fort} (curse)
Stlth   ..........               (no amulet)
HPRegen 0.33/turn                F - ring of Ashenzari's Moon {EV+4, Comp, Evo} (curse)
MPRegen 0.11/turn                (no ring)

@: corroded, invisible
A: horns 2, retaliatory headbutt
a: Renounce Religion, Shatter the Chains


You were on level 9 of the Dungeon.
You worshipped Ashenzari.
Ashenzari was most pleased with you.
You visited 2 branches of the dungeon, and saw 10 of its levels.
You also visited: Bailey.

You collected 535 gold pieces.

Inventory:

Hand Weapons
 a - a +0 flail
 t - a +4 whip (weapon)
Missiles
 q - a throwing net
 x - 16 poisoned darts (quivered)
 E - 2 boomerangs
Armour
 b - the cursed +0 scale mail "Eternal Prison" (worn) {Alch, Bglg}

   It has a curse which improves the following skills: Alchemy: Poison Magic and
   Transmutations.
   Beguiling: Conjurations, Hexes and Translocations.
 c - the cursed +0 buckler "Urgency of Ashenzari" (worn) {Fort, Range}

   It has a curse which improves the following skills: Fortitude: Armour and
   Shields.
   Ranged Combat: Ranged Weapons and Throwing.
 k - a +1 robe of fire resistance
 D - an orb of light
 K - the cursed +0 pair of gloves "Shackled Together" (worn) {Cun, Melee}
   (You found it on level 8 of the Dungeon)

   It has a curse which improves the following skills: Cunning: Dodging and
   Stealth.
   Melee Combat: Short Blades, Long Blades, Axes, Maces & Flails, Polearms,
   Staves and Unarmed Combat.
 L - the cursed +0 pair of boots "Cryptic Regret" (worn) {Bglg, Fort}
   (You found it on level 8 of the Dungeon)

   It has a curse which improves the following skills: Beguiling: Conjurations,
   Hexes and Translocations.
   Fortitude: Armour and Shields.
Jewellery
 F - the cursed ring of Ashenzari's Moon (left hand) {EV+4, Comp, Evo}
   (You found it on level 6 of the Dungeon)

   [ring of evasion]

   EV:        It affects your evasion (+4).
   It has a curse which improves the following skills: Companions: Summonings
   and Necromancy.
   Evocations: Evocations.
 G - a +4 ring of protection
Wands
 w - a wand of flame (7)
 J - a wand of light (7)
Scrolls
 e - 4 scrolls of poison
 f - 3 scrolls of fear
 i - 5 scrolls of teleportation
 l - 2 scrolls of amnesia
 p - a scroll of immolation
 s - 2 scrolls of vulnerability
 u - a scroll of butterflies
 B - a scroll of torment
 H - 2 scrolls of silence
 I - a scroll of magic mapping
 N - a scroll of summoning
Potions
 d - a potion of might
 g - 3 potions of brilliance
 j - 5 potions of curing
 o - a potion of attraction
 r - 2 potions of resistance
 v - 2 potions of magic
 z - 5 potions of mutation
 A - a potion of flight
 C - a potion of invisibility
 M - a potion of lignification


   Skills:
 - Level 5.1 Fighting
 * Level 14.5(16.0) Maces & Flails
 - Level 5.1(7.5) Armour
 + Level 11.2(13.6) Shields


You had 9 spell levels left.
You didn't know any spells.
Your spell library contained the following spells:

 Spells                   Type           Power      Damage    Failure   Level
 Summon Small Mammal      Summ           0%         N/A       77%         1
 Freeze                   Ice            0%         1d3       80%         1
 Ensorcelled Hibernation  Hex/Ice        0%         N/A       89%         2
 Passwall                 Tmut/Erth      0%         N/A       89%         2
 Scorch                   Fire           0%         2d5       90%         2
 Call Canine Familiar     Summ           0%         N/A       98%         3
 Hailstorm                Conj/Ice       0%         3d3       98%         3
 Ignite Poison            Fire/Tmut/Pois 0%         N/A       98%         3
 Summon Guardian Golem    Hex/Summ       0%         N/A       98%         3
 Frozen Ramparts          Ice            0%         1d1       99%         3
 Swiftness                Air            0%         N/A       99%         3
 Animate Dead             Necr           0%         N/A       100%        4
 Sticky Flame             Conj/Fire      0%         2d3       100%        4
 Summon Lightning Spire   Summ/Air       0%         N/A       100%        4
 Borgnjor's Vile Clutch   Necr/Erth      0%         N/A       100%        5
 Conjure Ball Lightning   Conj/Air       0%         3x3d7     100%        6
 Death Channel            Necr           0%         N/A       100%        6
 Starburst                Conj/Fire      0%         6d3       100%        6


Dungeon Overview and Level Annotations

Branches:
Dungeon (9/15)             Temple (1/1) D:6          Bailey (visited)
   Lair: D:8-11         Orc: D:9-12

Altars:
Ashenzari
Cheibriados
Dithmenos
Elyvilon
Fedhas
Gozag
Hepliaklqana
Kikubaaqudgha
Nemelex Xobeh
Okawaru
Qazlal
Ru
Sif Muna
Trog
Uskayaw
Vehumet
Wu Jian
Xom
Yredelemnul
Zin
The Shining One


Innate Abilities, Weirdness & Mutations

You have a pair of horns on your head.
You reflexively headbutt those who attack you in melee.


Message History

You headbutt the acid dragon!
The acid dragon claws you but does no damage.
The troll attacks as you move away! The troll bites you!
The troll closely misses you. The troll claws you.
Your surroundings seem slightly different.
Unknown command.
You fade into invisibility!
The acid dragon spits acid at you. The splash of acid misses you.
You hit the troll.
The troll is moderately wounded.
You barely miss the troll.
The troll is moderately wounded.
The troll bites you but does no damage. The troll closely misses you. x2
You closely miss the troll.
The troll is moderately wounded.
You hit the troll.
The troll is moderately wounded.
The troll barely misses you. The troll claws you.
* * * LOW HITPOINT WARNING * * *
The troll barely misses you.
You catch the helpless troll completely off-guard!
You hit the troll but do no damage.
The troll is moderately wounded.
You whack the troll!
The troll is heavily wounded.
The acid dragon spits acid at the troll.
The splash of acid hits the troll!!
The acid corrodes the troll!
The troll dies!
Unknown command.
The acid dragon bites you!
* * * LOW HITPOINT WARNING * * *
You block the acid dragon's attack.
You hit the acid dragon but do no damage.
You headbutt the acid dragon!
The acid dragon is heavily wounded.
You hit the acid dragon.
The acid dragon is heavily wounded.
The acid dragon bites you!
You die...

#..........#
#######..........#
,
.................#
#######....).....#
#..........#
#..........#
#..........#
#.....D....# *
###....@.....# ,
.............# * *
###.########## #.
#. * , *


You could see an acid dragon (unable to see you, catching breath).

Vanquished Creatures
  A boulder beetle (D:9)
  2 two-headed ogres
  A vampire (D:9)
  3 spriggans (Bailey)
  3 water moccasins
  An acid dragon (Bailey)
  2 sky beasts (D:7)
  2 orc warriors
  A black bear (D:4)
  6 ogres
  2 phantoms
  A kobold brigand (D:9)
  A scorpion (D:5)
  2 bullfrogs
  A necrophage (D:6)
  6 killer bees (D:9)
  2 howler monkeys
  3 jellies
  4 orc priests
  A hound (D:5)
  An iron imp (D:6)
  6 iguanas
  7 orc wizards
  Robin (D:2)
  7 gnolls
  8 adders
  A white imp (D:7)
  2 ufetubi
  3 worms (D:2)
  3 dart slugs
  28 orcs
  7 ball pythons
  A bat (D:2)
  3 endoplasms
  4 giant cockroaches
  20 goblins
  8 hobgoblins
  13 kobolds
  A quokka (D:2)
  10 frilled lizards
  A goblin skeleton (D:6)
  A goblin zombie (D:6)
  3 hobgoblin zombies (D:6)
  2 kobold skeletons (D:6)
  A kobold zombie (D:6)
  An orc zombie (D:6)
  4 rats
192 creatures vanquished.

Vanquished Creatures (others)
  A troll (D:9)
  5 plants
6 creatures vanquished.

Grand Total: 198 creatures vanquished

Notes
Turn   | Place    | Note
-------+----------+-------------------------------------------
     0 | D:1      | rocky1 the Minotaur Fighter began the quest for the Orb.
     0 | D:1      | Reached XP level 1. HP: 19/19 MP: 0/0
   228 | D:1      | Reached XP level 2. HP: 27/27 MP: 1/1
   516 | D:1      | Reached skill level 3 in Maces & Flails
   661 | D:1      | Reached XP level 3. HP: 33/33 MP: 2/2
   958 | D:2      | Noticed Robin
  1053 | D:2      | Reached XP level 4. HP: 36/40 MP: 3/3
  1056 | D:2      | Killed Robin
  1633 | D:3      | Found a bloodstained altar of Trog.
  1638 | D:3      | Got Vehumet's Handbook of Arcane Weapons
  2379 | D:4      | Noticed an ogre
  2380 | D:4      | Noticed a black bear
  2504 | D:4      | Reached XP level 5. HP: 42/47 MP: 4/4
  2525 | D:4      | Reached skill level 4 in Maces & Flails
  2579 | D:4      | Killed an ogre
  2580 | D:4      | Reached skill level 5 in Fighting
  2580 | D:4      | Reached skill level 5 in Armour
  2580 | D:4      | Reached skill level 5 in Shields
  2580 | D:4      | Reached XP level 6. HP: 50/56 MP: 5/5
  2992 | D:4      | Found a white marble altar of Elyvilon.
  3127 | D:4      | Reached skill level 5 in Maces & Flails
  3297 | D:5      | Entered Level 5 of the Dungeon
  3297 | D:5      | Noticed a water moccasin
  3310 | D:4      | Killed a water moccasin
  3311 | D:4      | Reached skill level 6 in Maces & Flails
  3311 | D:4      | Reached XP level 7. HP: 52/61 MP: 6/6
  3488 | D:5      | Reached skill level 7 in Maces & Flails
  3847 | D:5      | Reached skill level 8 in Maces & Flails
  3847 | D:5      | Reached XP level 8. HP: 57/68 MP: 7/7
  4605 | D:5      | Found a stormy altar of Qazlal.
  4849 | D:6      | Found a staircase to the Ecumenical Temple.
  4867 | Temple   | Entered the Ecumenical Temple
  4956 | Temple   | Became a worshipper of Ashenzari the Shackled
  5220 | D:6      | Reached skill level 9 in Maces & Flails
  5344 | D:6      | Found a glowing golden altar of the Shining One.
  5411 | D:6      | Found an iron altar of Okawaru.
  6163 | D:7      | Reached skill level 10 in Maces & Flails
  6163 | D:7      | Reached * piety under Ashenzari
  6635 | D:7      | Identified Kuedyirch's Spellbook of Called Combustion
  6713 | D:7      | Reached ** piety under Ashenzari
  6875 | D:8      | Noticed a two-headed ogre
  6891 | D:8      | Killed a two-headed ogre
  6892 | D:8      | Reached skill level 11 in Maces & Flails
  6892 | D:8      | Reached XP level 9. HP: 72/74 MP: 8/8
  7128 | D:8      | Found a hazy altar of Hepliaklqana.
  7478 | D:8      | Reached skill level 12 in Maces & Flails
  8052 | D:9      | Reached skill level 10 in Shields
  8062 | D:9      | Found a flagged portal.
  8149 | Bailey   | Entered a bailey
  8261 | Bailey   | Reached skill level 13 in Maces & Flails
  8419 | Bailey   | Reached XP level 10. HP: 27/81 MP: 9/9
  8671 | Bailey   | Noticed a two-headed ogre
  8685 | Bailey   | Killed a two-headed ogre
  8877 | D:9      | Noticed a boulder beetle
  8916 | D:9      | Killed a boulder beetle
  8917 | D:9      | Reached skill level 14 in Maces & Flails
  9322 | D:9      | Reached *** piety under Ashenzari
  9329 | D:9      | Found an ancient bone altar of Kikubaaqudgha.
  9335 | D:9      | Found a sparkling altar of Nemelex Xobeh.
  9335 | D:9      | Found a sacrificial altar of Ru.
  9339 | D:9      | Found a shimmering altar of Xom.
  9437 | D:9      | Slain by an acid dragon

Illustrated notes

Levels and vault maps discovered:
D:1:      minmay_arrival_arboretum_small, layout_basic,
          chequers_serial_rivers_small_a, serial_bayou_ford_a
D:2:      layout_rooms, uniq_robin
D:3:      layout_loops_ring, mainiacjoe_overflow_24_doors, minmay_lizard_king
D:4:      layout_basic, nicolae_elyvilon_temple_path, skrybe_limestone_x,
          minmay_misc_feat_hallway, st_stairs_5, minivault_19, nrook_campfire
D:5:      layout_basic, amcnicky_altar_gilded, grunt_ministairs_12,
          chequers_serial_rivers_room_b, st_stairs_14
D:6:      layout_basic, okawaru_ov_weapons_minmay, nicolae_tso_besieged_by_evil,
          minmay_temple_entry_arrows, small_statue_intersection, corexii_shack
D:7:      layout_basic
D:8:      layout_basic, mainiacjoe_overflow_tiny_flanked,
          kennysheep_generic_room_15
D:9:      layout_small_grid, minitemple, enter_bailey_5
Temple:   hellmonk_temple_of_storms

Skill      XL: |  1  2  3  4  5  6  7  8  9 10 |
---------------+-------------------------------+-----
Armour         | 4 5 |  5.1
Fighting       | 4 5 |  5.1
Shields        | 4 5 7 9 10 11 | 11.2
Maces & Flails | 3 4 6 8 11 13 14 | 14.5

Action                   |  1- 3 |  4- 6 |  7- 9 | 10-12 || total
-------------------------+-------+-------+-------+-------++-------
Melee: Flail             |    80 |    64 |       |       ||   144
       Headbutt          |    12 |    25 |    65 |    21 ||   123
       Whip              |       |    69 |   362 |    71 ||   502
Throw: Dart              |       |       |     5 |       ||     5
Invok: Curse Item        |       |       |     4 |     1 ||     5
Evoke: Wand              |       |     5 |       |       ||     5
  Use: Scroll            |       |       |     1 |     1 ||     2
       Potion            |       |       |       |     4 ||     4
 Stab: Invisible         |       |       |       |     1 ||     1
Armor: Scale mail        |    37 |    46 |    78 |    14 ||   175
Dodge: Dodged            |    47 |    43 |   103 |    35 ||   228
Block: Buckler           |    21 |    26 |    64 |    20 ||   131

Table legend: (Time is in decaauts)
 A = Elapsed time spent in this place.
 B = Non-inter-level travel time spent in this place.
 C = Inter-level travel time spent in this place.
 D = Time resting spent in this place.
 E = Time spent auto-exploring this place.
 F = Levels seen in this place.
 G = Mean time per level.
                   A        B        C        D        E       F      G
               +--------+--------+--------+--------+--------+-----+--------+
         Total |   9319 |   9119 |    200 |   1561 |   5850 |  11 |  847.2 |
       Dungeon |   8502 |   8302 |    200 |   1133 |   5821 |   9 |  944.7 |
        Temple |    112 |    112 |      0 |      0 |     29 |   1 |  112.0 |
        Bailey |    704 |    704 |      0 |    428 |      0 |   1 |  704.0 |
               +--------+--------+--------+--------+--------+-----+--------+

Top non-repeatable levels by time:
     D:5: 1487 daAuts
     D:8: 1157 daAuts
     D:4: 1039 daAuts
     D:6: 1036 daAuts
     D:1: 938 daAuts
     D:3: 883 daAuts
     D:7: 757 daAuts
  Bailey: 704 daAuts
     D:9: 675 daAuts
     D:2: 528 daAuts
  Temple: 112 daAuts
